 Dungeon Crawl Stone Soup version 0.29-a0-23-ga79f92ac9c (webtiles) character file.

Game seed: 14676385583526240053

48 siradein the Firebug (level 3, 0/26 HPs)
             Began as a Draconian Fire Elementalist on Jan 31, 2022.
             Killed from afar by Sigmund (5 damage)
             ... with a magic dart
             ... on level 1 of the Dungeon.
             The game lasted 00:05:35 (2528 turns).

siradein the Firebug (Draconian Fire Elementalist)  Turns: 2528, Time: 00:05:36

Health: 0/26       AC:  5    Str: 10    XL:     3   Next: 50%
Magic:  2/6        EV: 12    Int: 17    God:
Gold:   56         SH:  0    Dex: 11    Spells: 3/6 levels left

rFire   . . .      SeeInvis .   (no weapon)
rCold   . . .      Faith    .   (no shield)
rNeg    . . .      Spirit   .   (armour unavailable)
rPois   .          Reflect  .   (helmet restricted)
rElec   .          Harm     .   (no cloak)
rCorr   .          Rampage  .   (no gloves)
Will    .....                   (no boots)
Stlth   ++........              (no amulet)
HPRegen 0.08/turn               (no ring)
MPRegen 0.10/turn               (no ring)

@: no status effects
A: AC +5, unfitting armour, cold-blooded
a: no special abilities


You were on level 1 of the Dungeon.
You visited 1 branch of the dungeon, and saw 2 of its levels.

You collected 56 gold pieces.

Inventory:

Missiles
 i - 6 poisoned darts
Wands
 c - a wand of digging (8)
Scrolls
 a - a scroll of identify {unknown}
 e - a scroll of blinking {unknown}
 g - a scroll of noise {unknown}
Potions
 b - a potion of invisibility {unknown}
 d - a potion of lignification {unknown}
 f - a potion of flight {unknown}
 h - a potion of curing {unknown}


   Skills:
 + Level 2.3 Dodging
 - Level 1.7 Stealth
 + Level 2.4 Spellcasting
 + Level 1.8 Conjurations
 + Level 3.4 Fire Magic


You had 3 spell levels left.
You knew the following spells:

 Your Spells              Type           Power      Damage    Failure   Level
a - Foxfire               Conj/Fire      44%        2x1d6     6%          1
b - Scorch                Fire           26%        2d6       7%          2

Your spell library contained the following spells:

 Spells                   Type           Power      Damage    Failure   Level
 Conjure Flame            Conj/Fire      11%        6-21      19%         3
 Inner Flame              Hex/Fire       7%         N/A       26%         3
 Flame Wave               Conj/Fire      11%        2d5       52%         4


Dungeon Overview and Level Annotations

Branches:
Dungeon (2/15)

Altars:
Elyvilon

Annotations:
D:1 Sigmund


Innate Abilities, Weirdness & Mutations

Your plain brown scales are hard. (AC +5)
You cannot fit into any form of body armour.
You are cold-blooded and may be slowed by cold attacks.


Message History

Sigmund is moderately wounded.
The foxfire hits Sigmund but does no damage.
Sigmund is moderately wounded.
You conjure some foxfire!
Sigmund is no longer more vulnerable to fire.
Sigmund casts a spell at you. You resist with significant effort.
The foxfire hits Sigmund.
Sigmund is moderately wounded.
The foxfire hits Sigmund.
Sigmund is heavily wounded.
Sigmund barely misses you.
You conjure some foxfire!
Sigmund laughs darkly.
Sigmund points at you and mumbles some strange words.
The magic dart hits you.
The foxfire hits Sigmund.
Sigmund is heavily wounded.
The foxfire hits Sigmund but does no damage.
Sigmund is heavily wounded.
Sigmund hits you but does no damage.
You conjure some foxfire!
The foxfire hits Sigmund.
Sigmund is severely wounded.
The foxfire hits Sigmund.
Sigmund is almost dead.
Sigmund hits you with a +0 scythe.
Sigmund screams, "Only death can liberate you!"
Sigmund gestures at you while chanting. The magic dart hits you.
You climb upwards.
There is a stone staircase leading down here.
Sigmund closely misses you. Sigmund gestures at you while chanting.
The magic dart hits you.
* * * LOW HITPOINT WARNING * * *
Sigmund giggles. "Time to reap what you sow."
Sigmund casts a spell at you. The magic dart hits you.
You die...

##.#.....#.#
##...###.#.##
#.....@....# ##'##
#.##.# #..#.....#.#
#.# #.###.
#..#.....#.# #.#
#.###. #..###@###.#
##)## #.....
#..........###
##...#######.
#.#.##.#.....#
#.....######.
#............#
##...#.......
###.##.#...@.#
##.##.######
#.##.......########.#
#...................#
#####################


You could see Sigmund.

Vanquished Creatures
  An adder (D:2)
  A worm (D:2)
  2 dart slugs
  3 ball pythons
  7 endoplasms
  4 giant cockroaches (D:1)
  2 hobgoblins
  A quokka (D:1)
  4 goblins
  3 kobolds
28 creatures vanquished.

Vanquished Creatures (others)
  103 foxfires
103 creatures vanquished.

Grand Total: 131 creatures vanquished

Notes
Turn   | Place    | Note
-------+----------+-------------------------------------------
     0 | D:1      | siradein the Draconian Fire Elementalist began the quest
                  | for the Orb.
     0 | D:1      | Reached XP level 1. HP: 14/14 MP: 3/3
   505 | D:1      | Reached XP level 2. HP: 20/20 MP: 1/5
   576 | D:1      | Learned a level 2 spell: Scorch
  1067 | D:1      | Found a faded altar of an unknown god.
  1816 | D:2      | Found a white marble altar of Elyvilon.
  1848 | D:2      | Reached XP level 3. HP: 26/26 MP: 2/6
  2262 | D:2      | Noticed Sigmund
  2528 | D:1      | Killed from afar by Sigmund

Illustrated notes

Levels and vault maps discovered:
D:1:      dpeg_arrival_boxes_within_box, layout_loops_corners,
          hellmonk_ecumenical_altar_leap_of_faith, st_stairs_3
D:2:      layout_loops_ring, basic_altar, uniq_sigmund

Skill      XL: |  1 |
---------------+----+-----
Dodging        | 2 |  2.3
Stealth        | |  1.7
Spellcasting   | |  2.4
Conjurations   | |  1.8
Fire Magic     | |  3.4

Action                   || total
-------------------------++-------
Melee: Unarmed           ||     6
 Cast: Foxfire           ||    56
       Scorch            ||     4
Armor: Skin              ||    13
Dodge: Dodged            ||    30

Table legend: (Time is in decaauts)
 A = Elapsed time spent in this place.
 B = Non-inter-level travel time spent in this place.
 C = Inter-level travel time spent in this place.
 D = Time resting spent in this place.
 E = Time spent auto-exploring this place.
 F = Levels seen in this place.
 G = Mean time per level.
                   A        B        C        D        E       F      G
               +--------+--------+--------+--------+--------+-----+--------+
         Total |   2530 |   2410 |    120 |    276 |   1808 |   2 | 1265.0 |
       Dungeon |   2530 |   2410 |    120 |    276 |   1808 |   2 | 1265.0 |
               +--------+--------+--------+--------+--------+-----+--------+

Top non-repeatable levels by time:
     D:1: 1894 daAuts
     D:2: 635 daAuts
